 Dungeon Crawl Stone Soup version 0.30-a0-778-g2ef04afb54 (webtiles) character file.

Game seed: 13392964158590631088

177 Smoke131 the Trooper (level 5, -2/55 HPs)
             Began as an Ogre Gladiator on Feb 17, 2023.
             Splashed by a jelly's acid (11 damage)
             ... on level 4 of the Dungeon.
             The game lasted 00:05:54 (3357 turns).

Smoke131 the Trooper (Ogre Gladiator)               Turns: 3357, Time: 00:05:55

Health: -2/55      AC: -9    Str: 18    XL:     5   Next: 57%
Magic:  5/5        EV: 11    Int:  9    God:
Gold:   106        SH:  0    Dex: 12    Spells: 4/4 levels left

rFire   . . .      SeeInvis .    a - +0 war axe
rCold   . . .      Faith    .    (no shield)
rNeg    . . .      Spirit   .    b - +0 robe
rPois   .          Reflect  .    c - +0 hat
rElec   .          Harm     .    (no cloak)
rCorr   .          Rampage  .    (gloves unavailable)
Will    .....                    (boots unavailable)
Stlth   +                        (no amulet)
HPRegen 0.29/turn                (no ring)
MPRegen 0.09/turn                (no ring)

@: corroded
A: large, unfitting armour, tough skin 1
a: no special abilities


You were on level 4 of the Dungeon.
You visited 1 branch of the dungeon, and saw 4 of its levels.

You collected 150 gold pieces.
You spent 44 gold pieces at shops.

Inventory:

Hand Weapons
 a - a +0 war axe (weapon)
Missiles
 d - 3 throwing nets (quivered)
 e - a large rock
 g - 40 stones
 k - a boomerang
Armour
 b - a +0 robe (worn)
 c - a +0 hat (worn)
Jewellery
 l - an amulet of magic regeneration
Scrolls
 f - 4 scrolls of identify
 h - a scroll of enchant armour
 i - a scroll of torment {unknown}
 j - a scroll of teleportation {unknown}
 m - a scroll of fog {unknown}
 p - a scroll of poison {unknown}
Potions
 n - a potion of magic
 o - a potion of flight


   Skills:
 + Level 4.7 Fighting
 - Level 3.0 Axes
 + Level 3.5 Throwing
 + Level 3.8 Dodging


You had 4 spell levels left.
You didn't know any spells.
Your spell library contained the following spells:

 Spells                   Type           Power      Damage    Failure   Level
 Shock                    Conj/Air       0%         1d3       38%         1
 Blink                    Tloc           0%         N/A       52%         2
 Lesser Beckoning         Tloc           0%         N/A       52%         2
 Momentum Strike          Conj/Tloc      0%         3d8       52%         2
 Portal Projectile        Hex/Tloc       0%         N/A       77%         3
 Swiftness                Air            0%         N/A       77%         3
 Tukima's Dance           Hex            0%         N/A       77%         3
 Airstrike                Air            0%         2d(0-16)  99%         4
 Blade Hands              Tmut           0%         N/A       100%        5
 Borgnjor's Revivificati  Necr           0%         N/A       100%        8
 Necromutation            Tmut/Necr      0%         N/A       100%        8
 Death's Door             Necr           0%         N/A       100%        9


Dungeon Overview and Level Annotations

Branches:
Dungeon (4/15)
 Temple: D:4-7

Altars:
Qazlal
Yredelemnul

Shops:
D:3 *


Innate Abilities, Weirdness & Mutations

You are too large for most types of armour.
You have tough skin. (AC +1)


Message History

There is an open door here.
You open the door.
You hear a distant slurping noise.
There is an open door here.
There is an open door here.
You hear a distant slurping noise.
Found a stone staircase leading down.
An orc comes into view. It is wielding a +0 hand axe.
You hit the orc.
The orc is heavily wounded.
The orc hits you with a +0 hand axe.
You slash the orc!
You kill the orc!
You see here a +0 hand axe.
HP restored.
A jelly comes into view.
The jelly quivers.
You hit the jelly. The acid corrodes you!
Your hands burn!
The jelly is lightly wounded.
The jelly barely misses you. The jelly closely misses you.
You hit the jelly.
Your hands burn!
The jelly is moderately wounded.
The jelly hits you. The acid corrodes you!
You are splashed with acid!
You hit the jelly. The acid corrodes you!
Your hands burn!
The jelly is heavily wounded.
The jelly barely misses you. The jelly hits you.
You are splashed with acid!
You slash the jelly!
Your hands burn!
The jelly is severely wounded.
The jelly hits you.
You are splashed with acid!
* * * LOW HITPOINT WARNING * * *
You hit the jelly but do no damage.
Your hands burn!
* * * LOW HITPOINT WARNING * * *
The jelly is severely wounded.
The jelly closely misses you.
You barely miss the jelly.
The jelly is severely wounded.
The jelly barely misses you. The jelly hits you.
* * * LOW HITPOINT WARNING * * *
The acid corrodes you!
You are splashed with acid!
You die...

########...##..##..####.
#.........#...#........
#.....)...#...#........
#.........#...##..#####
############..##..#####
#....###..##..##......#
#.............#.......#
#............)#.......#
#.....@.......######..#
#......J.>....# ####
#.##########..# ####


You could see a jelly.

Vanquished Creatures
  An orc wizard (D:3)
  A hound skeleton (D:2)
  4 adders
  An adder zombie (D:2)
  4 worms
  3 dart slugs
  6 orcs
  5 ball pythons
  3 bats
  11 endoplasms
  3 giant cockroaches
  5 goblins
  2 hobgoblins
  7 jackals
  2 quokkas
  2 ball python zombies (D:2)
  3 frilled lizards
  5 kobolds
  7 rats
75 creatures vanquished.

Notes
Turn   | Place    | Note
-------+----------+-------------------------------------------
     0 | D:1      | Smoke131 the Ogre Gladiator began the quest for the Orb.
     0 | D:1      | Reached XP level 1. HP: 22/22 MP: 1/1
   162 | D:1      | Reached skill level 3 in Fighting
   165 | D:1      | Reached XP level 2. HP: 28/31 MP: 2/2
   255 | D:1      | Found a faded altar of an unknown god.
   595 | D:1      | Reached XP level 3. HP: 37/37 MP: 3/3
  1377 | D:2      | Reached XP level 4. HP: 44/48 MP: 4/4
  1488 | D:2      | Reached skill level 4 in Fighting
  2112 | D:3      | HP: 2/48 [poisoned by an adder]
  2375 | D:3      | Found a basalt altar of Yredelemnul.
  2388 | D:3      | Reached XP level 5. HP: 48/55 MP: 5/5
  2435 | D:3      | Found Dyneus's General Store.
  2443 | D:3      | Bought a scroll of identify for 22 gold pieces
  2443 | D:3      | Bought a scroll of identify for 22 gold pieces
  2787 | D:3      | Found a stormy altar of Qazlal.
  3357 | D:4      | Splashed by a jelly's acid

Illustrated notes

Levels and vault maps discovered:
D:1:      dpeg_arrival_orchard, layout_basic,
          hellmonk_ecumenical_altar_slurped_away, patterned_corridor
D:2:      layout_loops_ring, serial_undead, serial_undead_d, serial_undead_f,
          serial_undead_a, serial_undead_c, serial_undead_c, kennysheep_donut
D:3:      layout_loops_cross, old_standard_altar,
          mainiacjoe_overflow_cross_hatched, serial_shops, shop
D:4:      layout_gridville, gammafunk_ghost_abyssal_escape, uniq_robin

Skill      XL: |  1  2  3  4 |
---------------+-------------+-----
Fighting       | 3 4 |  4.7
Dodging        | 3 |  3.8
Throwing       | 3 |  3.5
Axes           | |  3.0

Action                     |  1- 3 |  4- 6 || total
---------------------------+-------+-------++-------
  Melee: War axe           |   109 |   132 ||   241
         Punch             |       |     1 ||     1
    Use: Potion            |     1 |     1 ||     2
         Scroll            |       |     3 ||     3
   Stab: Sleeping          |     1 |     2 ||     3
 Armour: Robe              |    30 |    36 ||    66
         Skin              |    17 |       ||    17
  Dodge: Dodged            |    70 |    97 ||   167

Table legend: (Time is in decaauts)
 A = Elapsed time spent in this place.
 B = Non-inter-level travel time spent in this place.
 C = Inter-level travel time spent in this place.
 D = Time resting spent in this place.
 E = Time spent auto-exploring this place.
 F = Levels seen in this place.
 G = Mean time per level.
                   A        B        C        D        E       F      G
               +--------+--------+--------+--------+--------+-----+--------+
         Total |   3443 |   3362 |     81 |    460 |   2155 |   4 |  860.8 |
       Dungeon |   3443 |   3362 |     81 |    460 |   2155 |   4 |  860.8 |
               +--------+--------+--------+--------+--------+-----+--------+

Top non-repeatable levels by time:
     D:2: 1200 daAuts
     D:3: 1147 daAuts
     D:1: 860 daAuts
     D:4: 234 daAuts
